AoeStats
← ᅚᅚᅚᅚ

African Clearing

504137272Analyzed
4v4 RM · 28d ago on Sep 4, 2026· 57m 24s· 8 players
Game mode
Random Map
Map size
Large (8 player)
Population
200
Speed
Normal
Resources
Standard
Victory
Conquest
Starting age
Dark Age
Ending age
Imperial Age
RankedLock teamsTeams togetherTeam positionsShared explorationLock speedFull tech treeHidden civsTurbo modeCheats
Victory
Defeat
🇦🇷 Mongols · Argentina
1265
+14
🇦🇷 Lithuanians · Argentina
1228
+16
🇺🇸 Vietnamese · United States
1193
+17
🇨🇳 Goths · China
1180
+17
🇨🇱 Gurjaras · Chile
1247
-17
🇦🇷 Mongols · Argentina
1219
-16
🇨🇱 Malay · Chile
1217
-16
🇵🇪 Celts · Peru
1202
-15
ChichitaD'Jora
13:26 Feudal Age
12:01 Loom
17:42 Castle Age
16:18 Wheelbarrow
15:32 Double-Bit Axe
15:29 Horse Collar
16:16 Gold Mining
17:40 Wheelbarrow
18:32 Bow Saw
21:47 Pikeman
22:41 Man-at-Arms
26:48 Scale Mail Armor
28:54 Hand Cart
28:24 Town Watch
35:08 Forging
36:21 Town Patrol
37:50 Heavy Plow
38:41 Arson
39:45 Ballistics
39:05 Treadmill Crane
39:35 Masonry
39:22 Murder Holes
Pelantaro
13:54 Feudal Age
13:36 Loom
19:12 Castle Age
17:51 Double-Bit Axe
18:54 Town Watch
22:36 Fletching
31:48 Forging
31:26 Arson
31:43 Squires
32:11 Bow Saw
31:43 Horse Collar
33:16 Gold Mining
34:05 Wheelbarrow
40:49 Stone Mining
43:58 Imperial Age
44:51 Heavy Plow
45:32 Bodkin Arrow
46:28 Gold Shaft Mining
48:01 Conscription
48:14 Hand Cart
48:50 Iron Casting
49:57 Ballistics
50:15 Forced Levy
50:28 Man-at-Arms
52:27 Blast Furnace
51:30 Long Swordsman
51:42 Pikeman
52:26 Two-Handed Swordsman
53:27 Halberdier
55:29 Bracer
56:33 Chemistry
56:13 Halberdier
56:20 Elite Skirmisher
BigData
12:10 Feudal Age
12:41 Loom
12:42 Double-Bit Axe
12:38 Horse Collar
15:45 Forging
15:32 Town Watch
20:47 Wheelbarrow
24:16 Castle Age
22:59 Gold Mining
23:01 Stone Mining
25:20 Bow Saw
25:11 Heavy Plow
25:49 Bloodlines
26:07 Scale Barding Armor
31:50 Chain Barding Armor
31:38 Husbandry
39:30 Iron Casting
42:05 Hand Cart
43:15 Town Patrol
46:12 Imperial Age
46:06 Gold Shaft Mining
46:07 Stone Shaft Mining
46:23 Elite Steppe Lancer
48:11 Blast Furnace
47:38 Conscription
52:19 Nomads
ᅚᅚᅚᅚ
10:37 Loom
15:34 Feudal Age
20:46 Castle Age
40:07 Double-Bit Axe
40:10 Horse Collar
44:26 Bow Saw
48:51 Elite Skirmisher
50:01 Caravan
53:55 Ballistics
55:56 Fletching
56:07 Padded Archer Armor
kyadwadk
9:57 Loom
13:18 Feudal Age
18:04 Castle Age
16:25 Double-Bit Axe
16:34 Horse Collar
18:06 Fletching
19:37 Bow Saw
23:26 Town Watch
24:24 Wheelbarrow
31:11 Imperial Age
29:26 Bodkin Arrow
29:41 Padded Archer Armor
31:15 Hand Cart
32:07 Bracer
33:39 Leather Archer Armor
33:46 Ballistics
39:44 Elite Rattan Archer
41:45 Paper Money
49:09 Pikeman
devellabs
3:15 Loom
12:42 Feudal Age
13:10 Double-Bit Axe
18:33 Castle Age
17:36 Stone Mining
31:10 Gold Mining
36:18 Ballistics
44:36 Scale Barding Armor
45:58 Chain Barding Armor
46:40 Forging
48:26 Iron Casting
50:56 Imperial Age
48:54 Fletching
49:25 Masonry
50:00 Bow Saw
50:41 Bloodlines
50:33 Husbandry
49:54 Light Cavalry
51:06 Elite Leitis
51:14 Elite Leitis
51:18 Cavalier
55:51 Stone Shaft Mining
55:09 Winged Hussar
qa1
3:06 Loom
14:59 Feudal Age
16:04 Double-Bit Axe
19:53 Castle Age
17:53 Man-at-Arms
20:44 Fletching
22:15 Fishing Lines
23:38 Gillnets
25:38 Bow Saw
27:22 Scale Mail Armor
27:32 Forging
26:58 Pikeman
27:38 Squires
27:02 Long Swordsman
29:47 Chain Mail Armor
33:26 Iron Casting
33:40 Horse Collar
36:59 Imperial Age
34:49 Gold Mining
34:50 Stone Mining
35:28 Bodkin Arrow
36:02 Heavy Plow
36:20 Padded Archer Armor
37:57 Wheelbarrow
37:35 Padded Archer Armor
38:43 Stone Shaft Mining
39:10 Blast Furnace
38:11 Bracer
37:56 Pikeman
37:57 Two-Handed Swordsman
39:08 Conscription
39:36 Hand Cart
39:52 Crop Rotation
39:17 Two-Handed Swordsman
40:09 Elite Skirmisher
41:10 Champion
41:10 Halberdier
42:24 Leather Archer Armor
43:24 Two-Man Saw
41:58 Halberdier
43:49 Guilds
45:04 Coinage
46:37 Banking
46:54 Ballistics
47:35 Chemistry
46:46 Masonry
46:31 Murder Holes
47:08 Ring Archer Armor
46:00 Imperial Skirmisher
49:35 Town Watch
52:26 Perfusion
52:27 Anarchy
51:47 Elite Huskarl
55:39 Architecture
57:09 Caravan
c_Roi
8:35 Loom
10:54 Feudal Age
19:01 Bloodlines
24:07 Castle Age
22:25 Stone Mining
23:54 Double-Bit Axe
24:01 Gold Mining
29:50 Light Cavalry
35:11 Fletching
37:28 Bodkin Arrow
40:09 Stone Shaft Mining
40:35 Gold Shaft Mining
43:36 Imperial Age
41:43 Wheelbarrow
41:35 Ballistics
41:02 Horse Collar
44:57 Conscription
46:24 Conscription
46:32 Conscription
46:38 Conscription
46:57 Bracer
48:59 Elite Mangudai
50:01 Padded Archer Armor
52:17 Leather Archer Armor
53:04 Chemistry
52:45 Husbandry
54:35 Hussar
55:43 Scale Barding Armor
55:49 Forging
56:37 Parthian Tactics
56:18 Thumb Ring
56:43 Capped Ram
Connection lost

Rejoining the realm…

Still unreachable

The connection could not be restored.

Session expired

The server has moved on; the page needs a fresh start.